 Dungeon Crawl Stone Soup version 0.28.0 (webtiles) character file.

Game seed: 14824690629573950291

6083 BobtheApe the Cleaver (level 10, 0/87 HPs)
             Began as a Minotaur Fighter on Feb 12, 2022.
             Was a Follower of Hepliaklqana.
             Killed by divine providence
             ... invoked by a meliai
              (15 damage)
             ... on level 13 of the Dungeon.
             The game lasted 00:28:30 (10127 turns).

BobtheApe the Cleaver (Minotaur Fighter)           Turns: 10127, Time: 00:28:33

Health: 0/87       AC: 16    Str: 25    XL:     10   Next: 58%
Magic:  9/9        EV:  8    Int:  5    God:    Hepliaklqana [*.....]
Gold:   577        SH:  5    Dex: 16    Spells: 9/9 levels left

rFire   . . .      SeeInvis .   a - +0 war axe
rCold   . . .      Faith    .   c - +0 buckler
rNeg    . . .      Spirit   .   i - +0 chain mail
rPois   +          Reflect  .   (helmet restricted)
rElec   .          Harm     .   F - +0 cloak
rCorr   .          Rampage  .   (no gloves)
Will    .....                   (no boots)
Stlth   ..........              (no amulet)
HPRegen 0.24/turn               b - ring of Lucidity {rPois Dex+6 Slay+2}
MPRegen 0.11/turn               C - +4 ring of protection

@: about to teleport, studying 2 skills
A: reduced essence, horns 2, retaliatory headbutt
a: Renounce Religion, Recall Ancestor, Ancestor Identity


You were on level 13 of the Dungeon.
You worshipped Hepliaklqana.
Hepliaklqana was aware of your devotion.
You visited 2 branches of the dungeon, and saw 12 of its levels.

You collected 667 gold pieces.
You spent 90 gold pieces at shops.

Inventory:

Hand Weapons
 a - a +0 war axe (weapon)
Missiles
 t - 5 javelins (quivered)
Armour
 c - a +0 buckler (worn)
 i - a +0 chain mail (worn)
 F - a +0 cloak (worn)
Jewellery
 b - the ring of Lucidity (left hand) {rPois Dex+6 Slay+2}
   (You acquired it on level 6 of the Dungeon)

   [ring of dexterity]

   Dex:       It affects your dexterity (+6).
   Slay:      It affects your accuracy & damage with ranged weapons and melee
   (+2).
   rPois:     It protects you from poison.
 q - a ring of poison resistance
 y - a ring of flight
 C - a +4 ring of protection (right hand)
 D - an amulet of faith
Wands
 g - a wand of iceblast (14)
 k - a wand of polymorph (22)
 n - a wand of flame (30)
 v - a wand of acid (9)
Scrolls
 e - a scroll of fear
 f - 4 scrolls of teleportation
 p - 3 scrolls of magic mapping
 s - a scroll of vulnerability
 u - 2 scrolls of enchant weapon
 w - a scroll of blinking
 x - a scroll of holy word {unknown}
 E - a scroll of brand weapon {unknown}
 H - a scroll of enchant armour {unknown}
 I - a scroll of amnesia {unknown}
 J - a scroll of identify
Potions
 d - a potion of magic
 h - a potion of haste
 j - a potion of mutation
 l - a potion of degeneration {unknown}
 m - 3 potions of attraction {unknown}
 o - a potion of cancellation {unknown}
 r - a potion of ambrosia {unknown}
 z - 2 potions of flight {unknown}
 A - a potion of brilliance {unknown}
 B - a potion of lignification {unknown}
 G - a potion of curing {unknown}


   Skills:
 - Level 11.9 Fighting
 + Level 13.6 Axes
 + Level 8.3 Armour
 - Level 3.6 Shields


You had 9 spell levels left.
You didn't know any spells.
Your spell library contained the following spells:

 Spells                   Type           Power      Damage    Failure   Level
 Foxfire                  Conj/Fire      0%         2x1d4     98%         1
 Freeze                   Ice            0%         1d3       98%         1
 Sandblast                Erth           0%         2d4       98%         1
 Corpse Rot               Necr/Air       0%         N/A       99%         2
 Passwall                 Tmut/Erth      0%         N/A       99%         2
 Scorch                   Fire           0%         2d5       99%         2
 Conjure Flame            Conj/Fire      0%         6-21      100%        3
 Frozen Ramparts          Ice            0%         1d2       100%        3
 Inner Flame              Hex/Fire       0%         N/A       100%        3
 Stone Arrow              Conj/Erth      0%         3d7       100%        3
 Dispel Undead            Necr           0%         3d6       100%        4
 Flame Wave               Conj/Fire      0%         2d4       100%        4
 Hailstorm                Conj/Ice       0%         3d3       100%        4
 Ice Form                 Ice/Tmut       0%         N/A       100%        4
 Summon Ice Beast         Ice/Summ       0%         N/A       100%        4
 Death Channel            Necr           0%         N/A       100%        6
 Summon Cactus Giant      Summ           0%         N/A       100%        6


Dungeon Overview and Level Annotations

Branches:
Dungeon (10/15)            Temple (1/1) D:6            Lair (0/6) D:9
    Orc: D:9-12

Altars:
Ashenzari
Cheibriados
Dithmenos
Elyvilon
Fedhas
Gozag
Hepliaklqana
Kikubaaqudgha
Makhleb
Nemelex Xobeh
Okawaru
Qazlal
Ru
Sif Muna
Trog
Vehumet
Wu Jian
Xom
Yredelemnul
Zin
The Shining One

Shops:
D:5 *

Annotations:
D:7 2 transporters, croobank's ghost, novice DrFE


Innate Abilities, Weirdness & Mutations

Your life essence is reduced to manifest your ancestor. (-10% HP)
You have a pair of horns on your head.
You reflexively headbutt those who attack you in melee.


Message History

The deep elf pyromancer moves out of view.
Found 4 boomerangs.
You close the door.
The meliai calls down the wrath of its god upon you.
Something smites you!
You closely miss the meliai. You headbutt the meliai!
The meliai is heavily wounded.
The meliai calls upon its god to heal the meliai.
The meliai is healed somewhat.
The meliai calls upon its god to heal the meliai.
The meliai's wounds heal themselves!
The meliai invokes the aid of its god against you.
Something smites you!
A deep elf pyromancer breaks down the door.
As you read the scroll of teleportation, it crumbles to dust.
You feel strangely unstable. You block the meliai's attack.
The meliai stings you but does no damage.
The meliai hits you with a +0 broad axe!
* * * LOW HITPOINT WARNING * * *
You block the meliai's attack. The meliai barely misses you.
You furiously retaliate!
You headbutt the meliai, but do no damage.
The meliai stings you but does no damage.
The meliai hits you but does no damage.
The meliai stings you but does no damage.
The meliai hits you with a +0 broad axe.
* * * LOW HITPOINT WARNING * * *
The meliai closely misses you.
Aiming: Polymorph
Press: ? - help, Q - select action, (/) - cycle Shift-Dir - straight line, f - deep elf pyromancer
Aim: a deep elf pyromancer, wielding a +0 long sword (will become a mana viper, a shining eye, or a dream sheep, chance to affect: 31%)
The deep elf pyromancer easily resists.
The meliai calls upon its god to heal the meliai.
The meliai is healed somewhat.
The meliai hits you with a +0 broad axe.
* * * LOW HITPOINT WARNING * * *
The meliai stings you but does no damage.
The meliai invokes the aid of its god against you.
Something smites you!
You die...

########+#### ###+###
#............
#.....#+####............
+.......................
##+###.......................
#..........yy..........######
#.....#####y@..........#
+.....# ###e##########
#.....# ... #.y)..# (....
.y.....# ....... ........#
...##.. ........+ ...# .
........# ...#


You could see a deep elf pyromancer and 3 meliai.

Vanquished Creatures
  Erica (D:9)
  Maurice (D:8)
  Maggie (D:9)
  Psyche (D:9)
  A troll (D:9)
  A shadow (D:9)
  A wraith (D:7)
  4 yaks (D:7)
  2 steam dragons (D:7)
  Menkaure (D:4)
  An acid dragon (D:6)
  A water moccasin (D:5)
  2 black bears
  3 necrophages
  2 centaurs (D:9)
  4 kobold brigands
  2 scorpions (D:6)
  A wyvern skeleton (D:6)
  14 wights
  2 howler monkeys (D:9)
  A centaur zombie (D:9)
  2 centaur skeletons
  2 bullfrog zombies
  An orc priest (D:5)
  A gnoll shaman (D:9)
  A hound (D:6)
  Crazy Yiuf (D:7)
  An iron imp (D:5)
  Ijyb (D:3)
  An iguana (D:4)
  2 orc wizards
  A howler monkey zombie (D:3)
  Robin (D:3)
  4 gnolls
  9 adders
  A white imp (D:7)
  An adder skeleton (D:5)
  2 worms
  3 dart slugs
  20 orcs
  5 endoplasms
  2 giant cockroaches (D:2)
  11 goblins
  14 hobgoblins
  7 jackals
  3 quokkas
  8 ball pythons
  A bat (D:1)
  2 frilled lizards
  A goblin skeleton (D:5)
  3 goblin zombies (D:5)
  A hobgoblin zombie (D:5)
  19 kobolds
  A kobold skeleton (D:5)
  2 kobold zombies (D:5)
  An orc skeleton (D:5)
  An orc zombie (D:5)
  3 rats
187 creatures vanquished.

Vanquished Creatures (collateral kills)
  An ugly thing (D:8)
  A bullfrog (D:8)
  A howler monkey (D:9)
  2 orc wizards (D:8)
  3 kobolds (D:9)
8 creatures vanquished.

Vanquished Creatures (others)
  8 ancestors
8 creatures vanquished.

Grand Total: 203 creatures vanquished

Notes
Turn   | Place    | Note
-------+----------+-------------------------------------------
     0 | D:1      | BobtheApe the Minotaur Fighter began the quest for the Orb.
     0 | D:1      | Reached XP level 1. HP: 19/19 MP: 0/0
   256 | D:1      | Reached skill level 3 in Axes
   256 | D:1      | Reached XP level 2. HP: 27/27 MP: 1/1
   711 | D:2      | Reached XP level 3. HP: 28/34 MP: 2/2
  1472 | D:3      | Reached skill level 4 in Axes
  1472 | D:3      | Identified the +4 whip "Ogoca" {pain, *Rage rC++ rCorr
                  | Str+4}
  1511 | D:3      | Noticed Robin
  1520 | D:3      | Reached XP level 4. HP: 38/41 MP: 3/3
  1528 | D:3      | Reached skill level 5 in Fighting
  1535 | D:3      | Killed Robin
  1737 | D:3      | Noticed Ijyb
  1744 | D:3      | Killed Ijyb
  1994 | D:3      | Reached XP level 5. HP: 45/45 MP: 4/4
  2200 | D:3      | Found a snail-covered altar of Cheibriados.
  2327 | D:4      | Noticed a black bear
  2336 | D:4      | Killed a black bear
  2337 | D:4      | Reached skill level 5 in Axes
  2477 | D:4      | Reached XP level 6. HP: 57/57 MP: 5/5
  2547 | D:4      | Identified the +3 hunting sling of Duulelea {flame, rCorr
                  | Dex+3}
  2616 | D:4      | Noticed Menkaure
  2624 | D:4      | Killed Menkaure
  2625 | D:4      | Reached skill level 6 in Axes
  2784 | D:4      | Reached XP level 7. HP: 54/66 MP: 6/6
  2864 | D:4      | Reached skill level 7 in Axes
  3080 | D:5      | Entered Level 5 of the Dungeon
  3583 | D:5      | Found a glowing golden altar of the Shining One.
  3675 | D:5      | Found Vykof's General Store.
  3680 | D:5      | Bought a scroll of blinking for 90 gold pieces
  3975 | D:6      | Reached skill level 8 in Axes
  4119 | D:6      | Reached XP level 8. HP: 72/75 MP: 7/7
  4186 | D:6      | Found a staircase to the Ecumenical Temple.
  4350 | Temple   | Entered the Ecumenical Temple
  4367 | Temple   | Became a worshipper of Hepliaklqana the Forgotten
  4619 | D:6      | Found a sparkling altar of Nemelex Xobeh.
  4702 | D:6      | Reached skill level 9 in Axes
  4980 | D:6      | Identified a scroll of acquirement
  4983 | D:6      | Acquired the ring of Lucidity {rPois Dex+6 Slay+2}
  5035 | D:7      | Found a broken altar of Ashenzari.
  5120 | D:7      | Found a transporter.
  5123 | D:7      | Noticed a slime creature
  5139 | D:7      | Reached skill level 10 in Fighting
  5145 | D:7      | Reached skill level 10 in Axes
  5149 | D:7      | Reached XP level 9. HP: 40/86 MP: 8/8
  5706 | D:7      | Found a runed translucent door.
  5707 | D:7      | Noticed Crazy Yiuf
  5754 | D:7      | Noticed a boulder beetle
  5784 | D:7      | Found a transporter.
  5790 | D:7      | Noticed croobank's ghost (novice DrFE)
  6044 | D:7      | Reached skill level 11 in Axes
  6660 | D:7      | Killed Crazy Yiuf
  6746 | D:8      | Noticed a white ugly thing
  7000 | D:8      | Found a basalt altar of Yredelemnul.
  7003 | D:8      | Reached * piety under Hepliaklqana
  7030 | D:8      | Noticed Maurice
  7047 | D:8      | Killed Maurice
  7048 | D:8      | Reached skill level 12 in Axes
  7054 | D:8      | HP: 1/81 [white ugly thing (29)]
  7056 | D:8      | Killed a white ugly thing
  7057 | D:8      | Reached skill level 5 in Armour
  7067 | D:8      | Reached XP level 10. HP: 4/87 MP: 9/9
  7833 | D:8      | Acquired a manual of Fighting
  7888 | D:9      | Found a staircase to the Lair.
  8084 | D:9      | Noticed Erica
  8102 | D:9      | Killed Erica
  8108 | D:9      | Reached skill level 13 in Axes
  8517 | D:9      | Found a shadowy altar of Dithmenos.
  8551 | D:9      | Noticed Maggie
  9086 | D:9      | Killed Maggie
  9205 | D:9      | Noticed a two-headed ogre
  9358 | D:9      | Noticed Psyche
  9367 | D:9      | Killed Psyche
 10053 | D:10     | Entered Level 10 of the Dungeon
 10053 | D:10     | You fall into a shaft and drop 3 floors!
 10123 | D:13     | Noticed a deep elf pyromancer
 10127 | D:13     | Killed from afar by a meliai

Illustrated notes

Levels and vault maps discovered:
D:1:      co_arrival_random_square_maze, layout_basic
D:2:      minmay_door_path, layout_basic
D:3:      layout_basic, lemuel_round_altar, minmay_misc_feat_enclosed,
          grunt_ministairs_9, uniq_robin, uniq_ijyb
D:4:      layout_cave_pools, grunt_ministairs_10, uniq_menkaure
D:5:      layout_cave_pools, nicolae_tso_besieged_by_evil, serial_shops,
          kennysheep_little_box
D:6:      layout_basic, mainiacjoe_overflow_concentric_impassable,
          minmay_temple_entry_nine_rooms
D:7:      layout_rooms, ashenzari_conservatory_becter, nzn_ghost_randoct,
          minmay_manual_macuahuitl, uniq_crazy_yiuf_cottage
D:8:      layout_cave_pools, old_standard_altar, uniq_maurice
D:9:      layout_roguey, nicolae_overflow_crystal_walls, lair_entry_dummy,
          uniq_erica, uniq_maggie, uniq_psyche
D:10:     layout_cross, eat_drink_and_be_merry_uskayaw, eino_tiny_chamber
D:13:     layout_gridville, uniq_frances
Temple:   regret_index_temple_waves

Skill      XL: |  1  2  3  4  5  6  7  8  9 10 |
---------------+-------------------------------+-----
Fighting       | 4 5 6 7 8 10 11 | 11.9
Axes           | 3 4 5 6 8 10 12 13 | 13.6
Armour         | 5 8 |  8.3
Shields        | |  3.6

Action                   |  1- 3 |  4- 6 |  7- 9 | 10-12 || total
-------------------------+-------+-------+-------+-------++-------
Melee: War axe           |    70 |    76 |   224 |    78 ||   448
       Headbutt          |    12 |    13 |    41 |    18 ||    84
       Unarmed           |       |     7 |       |     7 ||    14
Invok: Ancestor Identity |       |       |     1 |       ||     1
       Recall Ancestor   |       |       |       |     1 ||     1
Evoke: Wand              |       |       |     5 |     1 ||     6
  Use: Scroll            |     1 |       |     8 |     5 ||    14
       Potion            |       |     1 |     1 |     2 ||     4
Armor: Scale mail        |    16 |       |       |       ||    16
       Chain mail        |    12 |    49 |   121 |    44 ||   226
       Skin              |       |     1 |       |     2 ||     3
Dodge: Dodged            |    24 |    29 |    71 |    41 ||   165
Block: Buckler           |    11 |    14 |    41 |    26 ||    92
